 Dungeon Sprint DCSS version 0.26.0-15-gc6cd9f7 (webtiles) character file.

Game seed: 12602929107146849954

26994 Kalegnar the Bringer of Light (level 13, -8/111 HPs)
             Began as a Formicid Fighter on Jan 17, 2021.
             Was the Champion of the Shining One.
             Killed from afar by a naga warrior (12 damage)
             ... with a splash of poison
             ... in the Dungeon (Sprint VII: "The Pits").
             The game lasted 00:18:13 (2401 turns).

Kalegnar the Bringer of Light (Formicid Fighter)    Turns: 2401, Time: 00:18:15

Health: -8/111     AC: 17    Str: 29    XL:     13   Next: 62%
Magic:  2/28       EV: 15    Int:  8    God:    the Shining One [******]
Gold:   41         SH: 28    Dex: 10    Spells: 12/12 levels left

rFire    . . .     SeeInvis +   q - +0 lajatang
rCold    . . .     Faith    .   c - +0 kite shield
rNeg     + + +     Spirit   .   a - +3 scale mail
rPois    .         Reflect  .   (helmet unavailable)
rElec    .         Harm     .   r - +0 cloak
rCorr    .         Rampage  .   (no gloves)
Will     +....                  (no boots)
Stlth    ..........             (no amulet)
HPRegen  0.28/turn              n - +3 ring of protection
MPRegen  0.21/turn              h - +3 ring of strength

@: lethally poisoned (-8 -> -10), divine shield, glowing
A: permanent stasis, dig shafts and tunnels, four strong arms, antennae 3
a: Dig, Renounce Religion, Divine Shield, Cleansing Flame, Summon Divine
Warrior, Brand Weapon With Holy Wrath


You were in the Dungeon.
You worshipped the Shining One.
The Shining One was exalted by your worship.
You visited 1 branch You collected 41 gold pieces.

Inventory:

Hand Weapons
 b - a +2 quarterstaff of speed
 q - a +0 lajatang (weapon)
Missiles
 s - 5 curare-tipped darts
Armour
 a - a +3 scale mail (worn)
 c - a +0 kite shield (worn)
 r - a +0 cloak (worn)
Jewellery
 h - a +3 ring of strength (right hand)
 n - a +3 ring of protection (left hand)
 u - an uncursed ring of protection from fire
 v - an uncursed ring of fire
Scrolls
 j - 7 scrolls of remove curse
 k - 5 scrolls of amnesia
 l - a scroll of summoning
 m - 2 scrolls of vulnerability
 t - 7 scrolls of enchant armour
 w - 2 scrolls of identify
 y - 2 scrolls of fear
Potions
 d - 7 potions of might
 e - 4 potions of curing
 f - 8 potions of heal wounds
 g - 4 potions of magic
 i - 2 potions of invisibility
 o - 2 potions of mutation
 p - 4 potions of brilliance
 x - a potion of attraction
 z - a potion of resistance


   Skills:
 - Level 13.0 Fighting
 - Level 14.0 Staves
 - Level 6.0 Throwing
 - Level 13.0 Armour
 - Level 10.0 Dodging
 - Level 13.0 Shields
 + Level 23.6 Invocations


You had 12 spell levels left.
You didn't know any spells.
Your spell library was empty.

Dungeon Overview and Level Annotations

Branches:
Dungeon (1/1)

Altars:
Ashenzari
Cheibriados
Dithmenos
Elyvilon
Fedhas
Gozag
Hepliaklqana
Kikubaaqudgha
Makhleb
Nemelex Xobeh
Okawaru
Qazlal
Ru
Sif Muna
Trog
Uskayaw
Vehumet
Wu Jian
Xom
Yredelemnul
Zin
The Shining One
Beogh
Jiyva
Lugonu


Innate Abilities, Weirdness & Mutations

You cannot be hasted, slowed, berserked, paralysed or teleported.
You can dig through walls and to a lower floor.
Your four strong arms can wield two-handed weapons with a shield.
You have a pair of large antennae on your head. (SInv)


Message History

The golden flame engulfs the naga warrior!!
The naga warrior is moderately wounded.
The golden flame engulfs the naga warrior!!!
The naga warrior is heavily wounded.
The golden flame engulfs the yaktaur!!!
You kill the yaktaur!
The golden flame engulfs the merfolk!
The merfolk is heavily wounded.
The golden flame engulfs the orc knight!!
The orc knight is heavily wounded.
You feel a bit more experienced.
You hear a shout!
You block the naga warrior's attack. x2; The merfolk closely misses you.
You slice the naga warrior!!
The naga warrior is severely wounded.
You feel sick. You block the naga warrior's attack. x2
The naga warrior spits poison at you. The splash of poison hits you!
You are more poisoned.
You die...

{{ { { { {{ { { { { {
#++#########################
#...)........((N))..))).....
#.).)))........@Nm).))).....
#..##############))#########
#..# ...).# #..# {.....#
#..# { #......# {{ #..#
###..### {{ #..# { .... { {
#..# .... ##..# {{{


You could see 2 naga warriors and a merfolk.

Vanquished Creatures
  Rupert (D)
  2 orc warlords (D)
  A ghost moth (D)
  A yaktaur captain (D)
  A vault guard (D)
  A naga warrior (D)
  A catoblepas (D)
  A death yak (D)
  A deep elf knight (D)
  2 sea snakes (D)
  A wizard (D)
  An unseen horror (D)
  A deep troll (D)
  7 orc knights (D)
  An orc sorcerer (D)
  A cyclops (D)
  2 deep elf magi (D)
  3 elephants (D)
  A gargoyle (D)
  A kobold demonologist (D)
  A cane toad (D)
  An efreet (D)
  2 yaktaurs (D)
  3 ice devils (D)
  A hellwing (D)
  A wandering mushroom (D)
  3 jumping spiders (D)
  A merfolk (D)
  3 blink frogs (D)
  2 flying skulls (D)
  A tarantella (D)
  3 redbacks (D)
  A spriggan (D)
  A wraith (D)
  5 yaks (D)
  Edmund (D)
  A warg (D)
  An acid dragon (D)
  An orc warrior (D)
  A necrophage (D)
  4 wolves (D)
  A phantom (D)
  2 ogres (D)
  A centaur (D)
  A big kobold (D)
  4 wights (D)
  A crimson imp (D)
  2 quasits (D)
  A gnoll shaman (D)
  An orc priest (D)
  A jelly (D)
  An iron imp (D)
  An orc wizard (D)
  A worker ant (D)
  5 gnolls (D)
  4 oozes (D)
  An adder zombie (D)
  3 leopard geckos (D)
  3 orcs (D)
  A bat (D)
  A giant cockroach (D)
  A goblin (D)
  3 jackals (D)
  A ball python skeleton (D)
  A ball python zombie (D)
  A jackal skeleton (D)
  A leopard gecko skeleton (D)
  2 rats (D)
115 creatures vanquished.

Vanquished Creatures (collateral kills)
  A merfolk impaler (D)
  A vampire mage (D)
  3 orc knights (D)
  A yaktaur (D)
  A jumping spider (D)
  A merfolk (D)
  A redback (D)
  An iron imp (D)
10 creatures vanquished.

Grand Total: 125 creatures vanquished

Notes
Turn   | Place    | Note
-------+----------+-------------------------------------------
     0 | D        | Kalegnar the Formicid Fighter began the quest for the Orb.
     0 | D        | Reached XP level 1. HP: 18/18 MP: 1/1
    41 | D        | Found a bloodstained altar of Trog.
    41 | D        | Found a shimmering blue altar of Sif Muna.
    41 | D        | Found a viscous altar of Jiyva.
    41 | D        | Found a hazy altar of Hepliaklqana.
    41 | D        | Found an opulent altar of Gozag.
    42 | D        | Found a glowing golden altar of the Shining One.
    42 | D        | Found a glowing silver altar of Zin.
    42 | D        | Found a basalt altar of Yredelemnul.
    42 | D        | Found a shimmering altar of Xom.
    42 | D        | Found an ornate altar of the Wu Jian Council.
    42 | D        | Found a sacrificial altar of Ru.
    42 | D        | Found a stormy altar of Qazlal.
    42 | D        | Found an iron altar of Okawaru.
    42 | D        | Found a sparkling altar of Nemelex Xobeh.
    42 | D        | Found a burning altar of Makhleb.
    42 | D        | Found a blossoming altar of Fedhas.
    42 | D        | Found a white marble altar of Elyvilon.
    42 | D        | Found a shadowy altar of Dithmenos.
    42 | D        | Found a snail-covered altar of Cheibriados.
    45 | D        | Found a corrupted altar of Lugonu.
    45 | D        | Found a radiant altar of Vehumet.
    45 | D        | Found a roughly hewn altar of Beogh.
    46 | D        | Found an ancient bone altar of Kikubaaqudgha.
    46 | D        | Found a hide-covered altar of Uskayaw.
    46 | D        | Found a broken altar of Ashenzari.
    51 | D        | Became a worshipper of the Shining One
    60 | D        | Noticed a worker ant
    66 | D        | Killed a worker ant
    67 | D        | Reached skill level 4 in Invocations
    67 | D        | Reached XP level 2. HP: 16/24 MP: 1/5
    67 | D        | Reached XP level 3. HP: 19/29 MP: 1/6
   256 | D        | Reached skill level 5 in Staves
   256 | D        | Reached * piety under the Shining One
   263 | D        | Reached ** piety under the Shining One
   342 | D        | Reached *** piety under the Shining One
   343 | D        | Noticed an ogre
   343 | D        | Noticed a centaur
   343 | D        | Noticed Edmund
   343 | D        | Reached **** piety under the Shining One
   344 | D        | Noticed a flying skull
   366 | D        | Killed Edmund
   367 | D        | Reached skill level 7 in Invocations
   367 | D        | Reached XP level 4. HP: 12/40 MP: 6/9
   367 | D        | Reached XP level 5. HP: 14/46 MP: 6/10
   368 | D        | Killed a flying skull
   369 | D        | Reached skill level 9 in Invocations
   369 | D        | Reached XP level 6. HP: 4/55 MP: 4/13
   371 | D        | Killed an ogre
   372 | D        | Reached skill level 1 in Dodging
   372 | D        | Reached skill level 10 in Invocations
   372 | D        | Reached XP level 7. HP: 5/60 MP: 4/14
   374 | D        | Reached skill level 5 in Shields
   663 | D        | Noticed a cane toad
   663 | D        | Reached ***** piety under the Shining One
   670 | D        | Killed a cane toad
   671 | D        | Reached skill level 10 in Staves
   671 | D        | Reached skill level 5 in Armour
   671 | D        | Reached skill level 11 in Invocations
   671 | D        | Reached XP level 8. HP: 67/67 MP: 13/16
   722 | D        | Noticed an efreet
   722 | D        | Noticed an ice devil
   726 | D        | Killed an efreet
   726 | D        | Reached ****** piety under the Shining One
   727 | D        | Reached skill level 5 in Dodging
   727 | D        | Killed an ice devil
   728 | D        | Reached skill level 12 in Invocations
   728 | D        | Reached XP level 9. HP: 66/72 MP: 14/18
   819 | D        | Noticed an unseen horror
   830 | D        | Killed an unseen horror
   831 | D        | Reached skill level 13 in Invocations
   865 | D        | Noticed an ice devil
   882 | D        | Killed an ice devil
   945 | D        | Noticed a jumping spider
   961 | D        | Reached skill level 14 in Invocations
   961 | D        | Reached XP level 10. HP: 66/82 MP: 20/20
  1076 | D        | Noticed a sea snake
  1078 | D        | Noticed an orc sorcerer
  1082 | D        | Noticed a rust devil
  1090 | D        | Killed an orc sorcerer
  1094 | D        | Killed a sea snake
  1095 | D        | Reached skill level 10 in Shields
  1198 | D        | Noticed a sea snake
  1202 | D        | Reached skill level 15 in Invocations
  1216 | D        | Killed a sea snake
  1234 | D        | Noticed an ice devil
  1242 | D        | Killed an ice devil
  1243 | D        | Reached XP level 11. HP: 65/89 MP: 19/22
  1348 | D        | Noticed a cyclops
  1349 | D        | Noticed a death yak
  1353 | D        | Killed a cyclops
  1354 | D        | Reached skill level 16 in Invocations
  1360 | D        | Killed a death yak
  1361 | D        | Reached skill level 10 in Armour
  1365 | D        | Noticed a ghost moth
  1365 | D        | Noticed a catoblepas
  1375 | D        | Noticed a deep elf mage
  1377 | D        | Killed a ghost moth
  1378 | D        | Reached skill level 10 in Fighting
  1403 | D        | Killed a catoblepas
  1404 | D        | Reached skill level 17 in Invocations
  1411 | D        | Killed a deep elf mage
  1414 | D        | Reached skill level 18 in Invocations
  1683 | D        | Noticed a vampire mage
  1683 | D        | Noticed a deep troll
  1686 | D        | Noticed a deep elf mage
  1693 | D        | Noticed a jiangshi
  1694 | D        | Killed a vampire mage
  1699 | D        | Killed a deep elf mage
  1700 | D        | Reached skill level 19 in Invocations
  1718 | D        | Reached XP level 12. HP: 85/100 MP: 21/25
  1726 | D        | Killed a deep troll
  1731 | D        | Reached skill level 20 in Invocations
  1877 | D        | Reached skill level 1 in Throwing
  2061 | D        | Noticed a wizard
  2083 | D        | Killed a wizard
  2084 | D        | Reached skill level 21 in Invocations
  2101 | D        | Noticed Rupert
  2116 | D        | Killed Rupert
  2327 | D        | Noticed a yaktaur captain
  2327 | D        | Noticed a merfolk impaler
  2327 | D        | Noticed an orc warlord
  2328 | D        | Noticed an orc warlord
  2332 | D        | Reached skill level 10 in Dodging
  2339 | D        | Noticed a vault guard
  2347 | D        | Killed a merfolk impaler
  2350 | D        | Reached XP level 13. HP: 62/106 MP: 11/27
  2354 | D        | Killed a yaktaur captain
  2356 | D        | Killed an orc warlord
  2357 | D        | Reached skill level 22 in Invocations
  2360 | D        | Noticed a naga warrior
  2363 | D        | Killed a vault guard
  2364 | D        | Killed an orc warlord
  2364 | D        | Noticed a naga warrior
  2364 | D        | The Shining One protects you from harm!
  2369 | D        | Noticed a naga warrior
  2384 | D        | HP: 5/111 [naga warrior/+0 scimitar (4)]
  2387 | D        | The Shining One protects you from harm!
  2388 | D        | Killed a naga warrior
  2389 | D        | Reached skill level 23 in Invocations
  2389 | D        | The Shining One protects you from harm!
  2390 | D        | HP: 3/111 [poisoned by a naga warrior (splash of poison)]
  2396 | D        | HP: 4/111 [poisoned by a naga warrior (splash of poison)]
  2401 | D        | HP: 4/111 [poisoned by a naga warrior (splash of poison)]
  2401 | D        | Killed from afar by a naga warrior

Illustrated notes

Levels and vault maps discovered:
D:        pitsprint [storerooms_1, entrance_room_1, metal_vault_4, armoury_1,
          mini_pit_1, grid_room_1, main_hall_1, silver_pit, the_coven_3,
          the_vestibule_1, steel_vault_4, golden_pit, hallway_of_sentries,
          crystal_vault_5, iron_vault_2, final_vault]

Skill      XL: |  1  2  3  4  5  6  7  8  9 10 11 12 13 |
---------------+----------------------------------------+-----
Staves         | 4 7 9 10 12 13 14 | 14.0
Invocations    | 4 7 9 10 11 12 14 15 19 21 23 | 23.6
Fighting       | 6 7 8 9 11 13 | 13.0
Armour         | 4 5 7 9 10 13 | 13.0
Dodging        | 1 3 5 6 8 10 | 10.0
Shields        | 4 6 8 9 11 13 | 13.0
Throwing       | 6 |  6.0

Action                   |  1- 3 |  4- 6 |  7- 9 | 10-12 | 13-15 || total
-------------------------+-------+-------+-------+-------+-------++-------
Melee: Quarterstaff      |    44 |     4 |    53 |       |       ||   101
       Lajatang          |       |       |    23 |   238 |    40 ||   301
Invok: Divine Shield     |     1 |       |     3 |     7 |       ||    11
       Cleansing Flame   |       |     1 |     1 |     5 |     4 ||    11
       Summon Divine War |       |       |       |     3 |       ||     3
  Use: Potion            |       |       |       |     4 |     1 ||     5
Armor: Scale mail        |     4 |       |    13 |    48 |     4 ||    69
Dodge: Dodged            |     7 |     1 |    13 |    45 |    13 ||    79
Block: Kite shield       |    22 |     1 |    43 |   180 |    70 ||   316
